 Dungeon Crawl Stone Soup version 0.31-a0-202-g547052bce9 (webtiles) character file.

Game seed: 16896299518370445553

55 qw the Shooter (level 3, 0/20 HPs)
             Began as a Deep Elf Hunter on June 26, 2023.
             Slain by a goblin
             ... wielding a +2 dagger of electrocution
             ... led by Robin
              (12 damage)
             ... on level 2 of the Dungeon.
             The game lasted 00:00:25 (981 turns).

qw the Shooter (Deep Elf Hunter)                     Turns: 981, Time: 00:00:25

Health: 0/20       AC:  5    Str: 10    XL:     3   Next: 67%
Magic:  5/5        EV: 11    Int: 13    God:
Gold:   145        SH:  0    Dex: 24    Spells: 2/2 levels left

rFire   . . .        Y - +1 shortbow
rCold   . . .        (shield currently unavailable)
rNeg    + . .        j - +0 ring mail
rPois   .            (no helmet)
rElec   .            (no cloak)
rCorr   .            (no gloves)
SInv    .            (no boots)
Will    .....        (no amulet)
Stlth   ++           h - ring of positive energy
HPRegen 0.23/turn    k - +6 ring of dexterity
MPRegen 0.09/turn

%: no passive effects
@: no status effects
A: no striking features
a: no special abilities


You were on level 2 of the Dungeon.
You visited 1 branch of the dungeon, and saw 2 of its levels.

You collected 145 gold pieces.


   Skills:
 - Level 1.5 Fighting
 + Level 7.2 Ranged Weapons
 - Level 2.4 Dodging
 - Level 1.2 Stealth


You had 2 spell levels left.
You didn't know any spells.
Your spell library was empty.

Inventory:

Hand Weapons
 Y - a +1 shortbow (weapon)
Armour
 j - a +0 ring mail (worn)
Jewellery
 h - a ring of positive energy (left hand)
 k - a +6 ring of dexterity (right hand)
Scrolls
 b - a scroll of teleportation {unknown}
 c - a scroll of noise {unknown}
Potions
 a - a potion of might {unknown}

Dungeon Overview and Level Annotations

Branches:
Dungeon (2/15)

Altars:


Message History

974 ||| Stepping ~*~*~tactically~*~*~ (outnumbered).
Enter note:
Enter note:
Enter note:
Enter note: You shoot an arrow.
Robin shouts!
The arrow hits the hobgoblin.
The hobgoblin is lightly wounded.
You hear a shout!
Robin throws the goblin at you! The goblin hits you but does no damage.
The hobgoblin closely misses you. The goblin barely misses you.
You shoot an arrow. The arrow hits the hobgoblin.
You kill the hobgoblin!
The goblin closely misses you.
Your Ranged Weapons skill increases to level 7!
You shoot an arrow. The arrow hits Robin.
Robin is lightly wounded.
Robin hits you but does no damage. The goblin hits you with a +0 dagger.
A goblin comes into view. It is wielding a +0 club.
You shoot an arrow. The arrow hits Robin.
Robin is moderately wounded.
Robin throws the goblin at you! The goblin misses you.
The goblin barely misses you.
You shoot an arrow. The arrow hits Robin!
You kill Robin!
The goblin closely misses you. The goblin hits you but does no damage.
The hobgoblin misses you.
You shoot an arrow. The arrow barely misses the goblin.
The goblin barely misses you. x2; The goblin misses you.
The hobgoblin barely misses you.
You shoot an arrow. The arrow hits the goblin.
The goblin is moderately wounded.
The goblin barely misses you. x2; The goblin hits you with a +0 dagger.
A hobgoblin comes into view.
The hobgoblin hits you.
The goblin hits you with a +2 dagger of electrocution.
You are electrocuted!
Ouch! That really hurt!
You die...

................#
.###...........#
# ###...##.######
#. #........# ...
###...##.#
.%.#####......#
..g.:.....####
.###ggg...#
#..@...##
#.)g.### ##...#
.....# .....#.#
#......# ########


You could see 2 hobgoblins and 3 goblins.

Vanquished Creatures
  Robin (D:2)
  A dart slug (D:1)
  4 bats (D:1)
  4 endoplasms
  2 giant cockroaches (D:1)
  6 goblins
  5 hobgoblins
  2 kobolds
  3 quokkas (D:1)
  3 ball pythons
  2 frilled lizards
  6 rats
39 creatures vanquished.

Notes
Turn   | Place    | Note
-------+----------+-------------------------------------------
     0 | D:1      | qw the Deep Elf Hunter began the quest for the Orb.
     0 | D:1      | Reached XP level 1. HP: 12/12 MP: 3/3
     0 | D:1      | 0 ||| qw: Version: 0.3-a-22-g0ed2b0b
     0 | D:1      | 0 ||| qw: Game counter: 6005
     0 | D:1      | 0 ||| qw: Melee chars always use a shield: true
     0 | D:1      | 0 ||| qw: God list: Okawaru
     0 | D:1      | 0 ||| qw: Allow faded altars: false
     0 | D:1      | 0 ||| qw: Do Orc after clearing Dungeon:15 true
     0 | D:1      | 0 ||| qw: Do second Lair branch before Depths: true
     0 | D:1      | 0 ||| qw: Lair rune preference: random
     0 | D:1      | 0 ||| qw: Goals: Normal
     0 | D:1      | 0 ||| PLANNING D:1-11
   102 | D:1      | Reached XP level 2. HP: 16/16 MP: 4/4
   151 | D:1      | Reached skill level 6 in Ranged Weapons
   429 | D:1      | Reached XP level 3. HP: 20/20 MP: 5/5
   627 | D:1      | 627 ||| UPGRADING to +0 scale mail.
   637 | D:1      | 637 ||| DROPPING +0 leather armour.
   638 | D:1      | 638 ||| UPGRADING to +0 ring mail.
   648 | D:1      | 648 ||| DROPPING +0 scale mail.
   649 | D:1      | 649 ||| UPGRADING to ring of positive energy.
   650 | D:1      | 650 ||| UPGRADING to +6 ring of dexterity.
   651 | D:1      | 651 ||| READING scroll labelled KUEGAIXEOV.
   652 | D:1      | 652 ||| READING scroll labelled NERCHO WUCLER.
   653 | D:1      | 653 ||| READING scroll labelled RUOCKUMNOMOK.
   754 | D:1      | 754 ||| READING scroll labelled COPAQEXIKU.
   755 | D:1      | 755 ||| DROPPING scroll of butterflies.
   973 | D:2      | Noticed Robin
   974 | D:2      | 974 ||| Stepping ~*~*~tactically~*~*~ (outnumbered).
   977 | D:2      | Reached skill level 7 in Ranged Weapons
   979 | D:2      | Killed Robin
   981 | D:2      | Slain by a goblin

Levels and vault maps discovered:
D:1:      minmay_arrival_five_plusses, layout_loops_ring
D:2:      layout_basic, hangedman_decor_growths,
          hangedman_abyss_or_decor_lesser_grid, uniq_robin

Skill      XL: |  1  2  3 |
---------------+----------+-----
Ranged Weapons | 6 7 |  7.2
Fighting       | |  1.5
Dodging        | |  2.4
Stealth        | |  1.2

Action                     || total
---------------------------++-------
   Fire: Shortbow          ||    90
    Use: Scroll            ||     4
 Armour: Leather armour    ||     4
         Ring mail         ||     5
  Dodge: Dodged            ||    30

Table legend:
 A = Non-vault XP
 B = Vault XP
 C = Vault XP percentage of total XP
 D = Non-vault monster count
 E = Vault monster count
 F = Vault count percentage of total count
                 A         B        C        D         E       F
            +---------+---------+-------+---------+---------+-------
      Total |      55 |      24 |  30.4 |      33 |       6 |  15.4
            +---------+---------+-------+---------+---------+-------
        D:1 |      41 |       0 |   0.0 |      23 |       0 |   0.0
        D:2 |      14 |      24 |  63.2 |      10 |       6 |  37.5
            +---------+---------+-------+---------+---------+-------
